 Dungeon Crawl Stone Soup version 0.28-a0-1404-g4df0f3684d (webtiles) character file.

Game seed: 10265408510063855562

25 lonewolfV2 the Ducker (level 2, -6/22 HPs)
             Began as a Demonspawn Gladiator on Jan 5, 2022.
             Mangled by an ice beast (9 damage)
             ... on level 3 of the Dungeon.
             The game lasted 00:01:59 (2104 turns).

lonewolfV2 the Ducker (Demonspawn Gladiator)        Turns: 2104, Time: 00:02:00

Health: -6/22      AC:  3    Str: 14    XL:     2   Next: 82%
Magic:  0/2        EV: 12    Int:  9    God:
Gold:   40         SH:  0    Dex: 14    Spells: 1/1 levels left

rFire   . . .      SeeInvis .   n - +3 hand axe (vorpal)
rCold   . . .      Faith    .   (no shield)
rNeg    . . .      Spirit   +   b - +0 leather armour
rPois   .          Reflect  .   (helmet restricted)
rElec   .          Harm     .   (no cloak)
rCorr   .          Rampage  .   (no gloves)
Will    .....                   (no boots)
Stlth   +.........              g - amulet of guardian spirit
HPRegen 0.07/turn               (no ring)
MPRegen 0.08/turn               (no ring)

@: no status effects
A: horns 1
a: no special abilities


You were on level 3 of the Dungeon.
You visited 1 branch of the dungeon, and saw 3 of its levels.

You collected 40 gold pieces.

Inventory:

Hand Weapons
 a - a +0 flail
 n - a +3 vorpal hand axe (weapon)
Missiles
 d - 3 throwing nets (quivered)
Armour
 b - a +0 leather armour (worn)
 c - a +0 helmet
Jewellery
 g - an amulet of guardian spirit (around neck)
 k - a ring of ice
Scrolls
 f - a scroll of teleportation {unknown}
 h - 4 scrolls of identify {unknown}
 j - a scroll of brand weapon {unknown}
Potions
 e - 2 potions of attraction {unknown}
 i - a potion of magic {unknown}
 l - a potion of curing {unknown}
 m - 2 potions of might {unknown}


   Skills:
 + Level 2.2 Fighting
 + Level 3.0 Maces & Flails
 + Level 1.7 Throwing
 + Level 0.5 Armour
 + Level 3.1 Dodging


You had one spell level left.
You didn't know any spells.
Your spell library was empty.

Dungeon Overview and Level Annotations

Branches:
Dungeon (3/15)

Altars:

Shops:
D:2 (([[


Innate Abilities, Weirdness & Mutations

You have a pair of small horns on your head.


Message History

Done exploring.
Done exploring.
There is a stone staircase leading down here.
You climb downwards.
Found a leather armour.
There is a stone staircase leading up here.
An ice beast comes into view.
Found 18 bolts.
An ice beast is nearby!
An ice beast is nearby!
Found 9 gold pieces.
Found a stone staircase leading up.
The ice beast closely misses you. The ice beast closely misses you.
You hit the ice beast but do no damage. The ice beast hits you.
The ice beast freezes you!
You hit the ice beast.
You headbutt the ice beast, but do no damage.
The ice beast is lightly wounded.
The ice beast misses you.
You hit the ice beast.
The ice beast is moderately wounded.
The ice beast closely misses you.
You hit the ice beast but do no damage.
The ice beast is moderately wounded.
The ice beast closely misses you.
You closely miss the ice beast.
The ice beast is moderately wounded.
The ice beast hits you. The ice beast freezes you!
* * * LOW HITPOINT WARNING * * *
The ice beast misses you.
You barely miss the ice beast.
You headbutt the ice beast, but do no damage.
The ice beast is moderately wounded.
The ice beast closely misses you.
You barely miss the ice beast.
The ice beast is moderately wounded.
The ice beast hits you.
* * * LOW HITPOINT WARNING * * *
The ice beast freezes you!
You die...

... #.# ## #.# ..
#.# ### #. #.#
....##. #.# ####
.......####.##..[..
#.@.......#
#.Y...<##...#
#..##### .# .(....
###..# #..# #..#
.$<#


You could see an ice beast.

Vanquished Creatures
  A worm (D:2)
  An endoplasm (D:2)
  A giant cockroach (D:1)
  3 goblins
  3 hobgoblins
  A quokka (D:2)
  4 ball pythons
  4 bats
  A frilled lizard (D:2)
  A kobold (D:1)
  A rat (D:1)
21 creatures vanquished.

Notes
Turn   | Place    | Note
-------+----------+-------------------------------------------
     0 | D:1      | lonewolfV2 the Demonspawn Gladiator began the quest for the
                  | Orb.
     0 | D:1      | Reached XP level 1. HP: 16/16 MP: 1/1
   711 | D:1      | Gained mutation: You have a pair of small horns on your
                  | head. [demonic ancestry]
   711 | D:1      | Reached XP level 2. HP: 20/22 MP: 2/2
  1124 | D:2      | Found Jyuzeaz's General Store.
  1169 | D:2      | Found Peuneororu's Armour Shoppe.
  1172 | D:2      | Found Latiumom's Antique Armour Shop.
  1263 | D:2      | Found Xusyaj Bithe's Antique Weapon Emporium.
  1947 | D:2      | Found Yseujut's Weapon Boutique.
  2093 | D:3      | Noticed an ice beast
  2104 | D:3      | Mangled by an ice beast

Illustrated notes

Levels and vault maps discovered:
D:1:      zelgadis_glass_arrival_small, layout_basic
D:2:      layout_basic, serial_shops, nicolae_shop_waterfront, shop, shop, shop,
          shop
D:3:      layout_loops_ring

Skill      XL: |  1  2 |
---------------+-------+-----
Maces & Flails | 3 |  3.0
Dodging        | 3 |  3.1
Fighting       | |  2.2
Throwing       | |  1.7
Armour         | |  0.5

Action                   || total
-------------------------++-------
Melee: Flail             ||    53
       Punch             ||     1
       Headbutt          ||     8
       Hand axe          ||     7
Armor: Leather armour    ||    21
Dodge: Dodged            ||    57

Table legend: (Time is in decaauts)
 A = Elapsed time spent in this place.
 B = Non-inter-level travel time spent in this place.
 C = Inter-level travel time spent in this place.
 D = Time resting spent in this place.
 E = Time spent auto-exploring this place.
 F = Levels seen in this place.
 G = Mean time per level.
                   A        B        C        D        E       F      G
               +--------+--------+--------+--------+--------+-----+--------+
         Total |   2117 |   2045 |     72 |      0 |   1751 |   3 |  705.7 |
       Dungeon |   2117 |   2045 |     72 |      0 |   1751 |   3 |  705.7 |
               +--------+--------+--------+--------+--------+-----+--------+

Top non-repeatable levels by time:
     D:1: 1085 daAuts
     D:2: 1019 daAuts
     D:3: 13 daAuts
